cohdb
Replays
Latest Replays
All Replays
Popular Replays
Top Player Replays
Match Explorer
How It Works
Community
CoH3 Stats
Reddit
Sign in to upload your games and track your stats! →
Sign in with Steam
Match 39541748
Unlisted
Match 39541748
Overview
Messages
Build Orders
End
Construct Barracks
Scout Squad
Selects Heavy Weapons
Riflemen Squad
Riflemen Squad
Construct Weapon Support Center
Bazooka Squad
Infantry Support Center
Grenade Package
M3 Armored Personnel Carrier
Selects M2HB .50cal Heavy Machine Gun
M1919 Machine Gun Team
Engineer Squad
M1918 Browning Automatic Rifles
Selects Assault Carriers
Selects Halftrack Strongpoints
M3 Assault Carrier
M1919 Machine Gun Team
Construct Tank Depot
M18 Hellcat Tank Destroyer
M18 Hellcat Tank Destroyer
M1919 Machine Gun Team
Riflemen Squad
M4A1 Sherman Medium Tank
Selects M26 Pershing Heavy Tank
Selects Rapid Reposition
M26 Pershing Heavy Tank
Selects Black Dragon Artillery Barrage
Black Dragon Artillery Barrage
Tomsch
derank c[o]mpany
Saueee
Daniel
0
0
Comments
sign in to comment!
No comments posted yet!